 Dungeon Crawl Stone Soup version 0.22.0-36-g8e74550 (webtiles) character file.

298 Marcoleric the Slinger (level 6, -4/41 HPs)
             Began as a Halfling Hunter on Aug 24, 2018.
             Was an Initiate of Gozag.
             Killed by divine providence
             ... invoked by an orc priest
              (12 damage)
             ... on level 5 of the Dungeon.
             The game lasted 00:22:30 (4547 turns).

Marcoleric the Slinger (Halfling Hunter)            Turns: 4547, Time: 00:22:30

Health: -4/41      AC:  7    Str: 13    XL:     6   Next: 62%
Magic:  6/6        EV: 15    Int:  9    God:    Gozag
Gold:   528        SH:  0    Dex: 17    Spells: 5/5 levels left

rFire    . . .     SeeInvis .   a - +1 hunting sling
rCold    . . .     Gourm    .   (shield restricted)
rNeg     . . .     Faith    .   c - +0 leather armour
rPois    .         Spirit   .   s - +2 helmet
rElec    .         Reflect  .   (no cloak)
rCorr    .         Harm     .   g - +0 pair of gloves
MR       .....                  (no boots)
Stlth    ++........             (no amulet)
HPRegen  0.13/turn              (no ring)
MPRegen  0.10/turn              (no ring)

@: no status effects
A: small, mutation resistance 1
a: Potion Petition, Call Merchant, Bribe Branch, Renounce Religion


You were on level 5 of the Dungeon.
You worshipped Gozag.
Gozag was pleased with you.
You were hungry.

You visited 1 branch of the dungeon, and saw 5 of its levels.

You collected 547 gold pieces.
You paid 19 gold pieces to Gozag.

Inventory:

Hand Weapons
 a - a +1 hunting sling (weapon)
 b - a +0 short sword
 o - a cursed -1 dagger
 u - a +0 hunting sling
Missiles
 e - 142 stones (quivered)
 j - a throwing net
 p - 20 bolts
Armour
 c - a +0 leather armour (worn)
 g - a +0 pair of gloves (worn)
 s - a +2 helmet (worn)
Wands
 t - a wand of scattershot (4)
Scrolls
 d - 2 scrolls of identify
 l - 4 scrolls of teleportation
 m - a scroll of fog {unknown}
 q - 3 scrolls of remove curse
 v - 3 scrolls of enchant weapon {unknown}
Potions
 h - 3 potions of brilliance
 i - a potion of invisibility {unknown}
 k - a potion of curing {unknown}
 n - 3 potions of ambrosia
 r - a potion of resistance {unknown}
 x - a potion of heal wounds {unknown}
Comestibles
 f - 2 rations


   Skills:
 + Level 2.8 Fighting
 + Level 1.6 Short Blades
 + Level 8.9 Slings
 + Level 0.1(3.7) Throwing
 + Level 1.9 Armour
 + Level 2.7 Dodging
 + Level 1.3 Stealth


You had 5 spell levels left.
You didn't know any spells.
Your spell library was empty.

Dungeon Overview and Level Annotations

Branches:
Dungeon (5/15)
 Temple: D:4-7

Altars:
Elyvilon
Gozag
Okawaru
Zin
The Shining One

Annotations:
D:4 Dowan, Duvessa
D:5 1 runed door


Innate Abilities, Weirdness & Mutations

You are small and have problems with some larger weapons.
You are somewhat resistant to further mutation.


Message History

Firing (i - inventory. (/) - cycle)
e - 142 stones (quivered)
Press: ? - help, Shift-Dir - straight line, p - gnoll
Okay, then.
The orc priest looks satisfied for a moment.
The orc priest calls down the wrath of Beogh upon you.
Beogh smites you! The worker ant completely misses you.
There is an open door here.
The orc priest calls down the wrath of Beogh upon you.
Beogh smites you!
* * * LOW HITPOINT WARNING * * *
You open the door.
An adder and a giant cockroach come into view.
The worker ant bites you.
* * * LOW HITPOINT WARNING * * *
The gnoll barely misses you.
Found a scroll of remove curse.
The orc priest invokes the aid of Beogh against you.
Beogh smites you!
You die...
Your body crumbles into a pile of gold.

.....#...##.....# +##
)....#...##.....#......#
)....#..........#......#
.....#..........#......+
.....#...##.....#....s.#
.....######.....#....S.#
.....+..........#.....?.
.....#..........#.......
.....#...o..ggga@.......
.....#...##.....#.......
#'####.....#.......
#...########..Z....
#...# ....... #...#
.....## #..g# .....#
#...# ###### #..(o......


You could see a gnoll shaman, a worker ant, an orc priest, 2 gnolls, an adder
(sleeping), a bullfrog zombie (wandering) and a giant cockroach (sleeping).

Vanquished Creatures
  A scorpion (D:4)
  2 hounds (D:5)
  An orc wizard (D:5)
  5 adders
  A shadow imp (D:5)
  3 oozes (D:2)
  An adder zombie (D:5)
  An adder skeleton (D:4)
  3 dart slugs
  3 leopard geckos
  4 orcs
  2 giant cockroaches
  6 hobgoblins
  8 jackals
  3 quokkas
  7 bats
  7 frilled lizards
  11 goblins
  5 kobolds
  11 rats
85 creatures vanquished.

Notes
Turn   | Place    | Note
-------+----------+-------------------------------------------
     0 | D:1      | Marcoleric the Halfling Hunter began the quest for the Orb.
     0 | D:1      | Reached XP level 1. HP: 14/14 MP: 1/1
   100 | D:1      | Reached skill level 6 in Slings
   180 | D:1      | Reached XP level 2. HP: 19/19 MP: 2/2
   606 | D:1      | Reached XP level 3. HP: 24/24 MP: 3/3
   811 | D:2      | Reached skill level 1 in Armour
   892 | D:2      | Found an opulent altar of Gozag.
   904 | D:2      | Became a worshipper of Gozag Ym Sagoz the Greedy
   925 | D:2      | Reached skill level 7 in Slings
   994 | D:2      | Reached XP level 4. HP: 8/29 MP: 4/4
  1417 | D:2      | Found a faded altar of an unknown god.
  2340 | D:3      | Reached XP level 5. HP: 31/34 MP: 5/5
  2929 | D:4      | Reached skill level 1 in Short Blades
  2970 | D:4      | Reached skill level 8 in Slings
  3034 | D:4      | Reached XP level 6. HP: 41/41 MP: 6/6
  3180 | D:4      | Noticed Duvessa
  3180 | D:4      | Noticed Dowan
  3210 | D:5      | Entered Level 5 of the Dungeon
  3275 | D:5      | Found a white marble altar of Elyvilon.
  3280 | D:5      | Found a glowing silver altar of Zin.
  3280 | D:5      | Found a runed door.
  3280 | D:5      | Noticed an angel
  3281 | D:5      | Found an iron altar of Okawaru.
  3281 | D:5      | Found a glowing silver altar of Zin.
  3282 | D:5      | Found a glowing golden altar of the Shining One.
  4547 | D:5      | Killed from afar by an orc priest

Skill      XL: |  1  2  3  4  5 |
---------------+----------------+-----
Slings         | 6 7 8 |  8.9
Fighting       | 2 |  2.8
Armour         | 1 |  1.9
Short Blades   | 1 |  1.6
Throwing       | |  0.1
Dodging        | |  2.7
Stealth        | |  1.3

Action                   |  1- 3 |  4- 6 || total
-------------------------+-------+-------++-------
Melee: Short sword       |    23 |    71 ||    94
 Fire: Hunting sling     |    88 |   141 ||   229
Throw: Stone             |       |     9 ||     9
Invok: Potion Petition   |       |     1 ||     1
  Use: Scroll            |     3 |     5 ||     8
  Eat: Ration            |       |     3 ||     3
Armor: Leather armour    |    22 |    30 ||    52
Dodge: Dodged            |   100 |    89 ||   189
